 Dungeon Crawl Stone Soup version 0.21-a0-329-g12f17e1 (webtiles) character file.

2732 namelastname112 the Covert (level 9, 0/45 HPs)
             Began as a Felid Wanderer on Oct 1, 2017.
             Was a Follower of Cheibriados.
             Slain by a hippogriff (3 damage)
             ... on level 8 of the Dungeon.
             The game lasted 00:13:21 (11400 turns).

namelastname112 the Covert (Felid Wanderer)        Turns: 11400, Time: 00:13:22

Health: 0/45       AC:  2    Str: 10    XL:     9   Next: 40%
Magic:  10/10      EV:  4    Int: 19    God:    Cheibriados [*.....]
Gold:   354        SH:  0    Dex: 20    Spells: 8/8 levels left
                                        Lives:  0   Deaths: 2

rFire    + . .     SeeInvis +     - Unarmed
rCold    . . .     Gourm    .   (shield unavailable)
rNeg     + + +     Faith    .   (armour unavailable)
rPois    ∞         Spirit   .   (helmet unavailable)
rElec    .         Reflect  .   (cloak unavailable)
rCorr    .         Harm     .   (gloves unavailable)
MR       +....                  (boots unavailable)
Stlth    +++++++...             (no amulet)
HPRegen  0.15/turn              f - ring of protection from fire
MPRegen  0.12/turn              m - ring of stealth

@: petrified, slow
A: no armour, no weapons or thrown items, stealth, claws 1, fangs 3, see
invisible, carnivore 3, speed 1, shaggy fur 2, slow metabolism 1, sharp paws
a: Bend Time, Renounce Religion


You were on level 8 of the Dungeon.
You worshipped Cheibriados.
Cheibriados was aware of your devotion.
You were completely stuffed.

You visited 2 branches of the dungeon, and saw 9 of its levels.

You collected 354 gold pieces.

Inventory:

Jewellery
 d - an uncursed ring of wizardry
 f - a ring of protection from fire (left paw)
 h - an uncursed ring of flight
 m - a ring of stealth (right paw)
Wands
 i - a wand of digging (7/24)
 j - a wand of lightning (5/15)
 o - a wand of disintegration (3/24)
Scrolls
 b - 4 scrolls of teleportation
 k - a scroll of enchant armour
 l - 5 scrolls of remove curse
 n - a scroll of fear
 s - a scroll of identify
Potions
 a - 3 potions of haste
 e - a potion of curing {unknown}
 p - a potion of invisibility {unknown}
 q - a potion of might {unknown}
 r - a potion of mutation {unknown}
 u - a potion of flight
Books
 t - a book of Callings

   Spells                             Type                      Level
   a - Summon Small Mammal            Summoning                    1
   b - Call Imp                       Summoning                    2
   c - Call Canine Familiar           Summoning                    3
   d - Summon Guardian Golem          Hexes/Summoning              3
   e - Summon Lightning Spire         Summoning/Air                4
   f - Summon Ice Beast               Ice/Summoning                4
Comestibles
 c - 2 meat rations
 g - 6 royal jellies
 v - 2 chunks of flesh


   Skills:
 + Level 9.0 Fighting
 + Level 10.2 Dodging
 + Level 11.5 Stealth
 + Level 9.0 Unarmed Combat


You had 8 spell levels left.
You didn't know any spells.

Dungeon Overview and Level Annotations

Branches:
Dungeon (8/15)             Temple (1/1) D:5            Lair (0/6) D:8

Altars:
Ashenzari
Cheibriados
Dithmenos
Elyvilon
Fedhas
Gozag
Hepliaklqana
Kikubaaqudgha
Makhleb
Nemelex Xobeh
Okawaru
Qazlal
Ru
Sif Muna
Trog
Uskayaw
Vehumet
Wu Jian
Xom
Yredelemnul
Zin
The Shining One

Shops:
D:5 *   D:7 *

Annotations:
D:3 Crazy Yiuf
D:4 Edmund, Menkaure


Innate Abilities, Weirdness & Mutations

You cannot wear armour.
You are incapable of wielding weapons or throwing items.
Your paws allow you to move quietly. (Stealth)
You have sharp claws.
You have razor-sharp teeth.
You have supernaturally acute eyesight. (SInv)
You are carnivorous and can eat meat at any time.
You cover ground quickly.
You are covered in thick fur. (AC +2)
You have a slow metabolism.
Your sharp claws are effective at attacking unaware monsters.


Message History

A yak and a hippogriff come into view.
Found a staircase to the Lair.
A basilisk comes into view.
The basilisk hisses angrily.
The yak bellows!
The hippogriff screeches!
The basilisk gazes at you.
You are slowing down.
Unknown command.
Unknown command.
The basilisk gazes at you. You resist with almost no effort.
You have turned to stone.
The yak gores you! The crocodile bites you! The yak gores you!
The crocodile bites you!! The yak gores you! The crocodile bites you!
* * * LOW HITPOINT WARNING * * *
The yak gores you.
* * * LOW HITPOINT WARNING * * *
The crocodile bites you!
* * * LOW HITPOINT WARNING * * *
The hippogriff bites you.
You die...

.......>.......
..........P...#
#...........#
#.........# ...##
#.....# #. .....##
##.?...# ... ........##
##l.....#....
......##..##HYt.........
###.....#
#...@.........#
#.......#
##..........###
........# ##....####.#
.<......# ##....# ..#
........# ##..#..# ...
........## ##..###.# .#
......#..###..## #..#
...#####..#..## ##.#
.### ##...## ..


You could see a hippogriff, a yak, a basilisk and a crocodile.

Vanquished Creatures
  Pikel (D:5)
  A spriggan (D:7)
  A hungry ghost (D:7)
  A sky beast (D:4)
  A slave (D:5)
  An ice beast (D:7)
  A phantom (D:7)
  3 ogres
  A centaur (D:5)
  A wyvern zombie (D:6)
  3 scorpions
  4 howler monkeys
  6 crimson imps
  2 jellies (D:3)
  A bullfrog zombie (D:7)
  A bullfrog skeleton (D:8)
  An orc priest (D:4)
  A hound (D:4)
  2 orc wizards (D:5)
  2 centaur skeletons
  Jessica (D:3)
  Ijyb (D:4)
  Natasha (thrice) (D:4)
  An iguana (D:5)
  6 worker ants
  A hound zombie (D:5)
  4 adders
  7 gnolls
  10 oozes
  3 adder skeletons
  2 worms
  3 dart slugs
  3 leopard geckos
  14 orcs
  3 giant cockroaches
  4 goblins
  6 hobgoblins
  16 jackals
  10 kobolds
  2 quokkas
  A ball python (D:2)
  3 bats
  3 frilled lizards
  A quokka skeleton (D:5)
  6 rats
149 creatures vanquished.

Vanquished Creatures (others)
  A slave (D:5)
  7 fungi (D:3)
  6 toadstools (D:3)
14 creatures vanquished.

Grand Total: 163 creatures vanquished

Notes
Turn   | Place    | Note
-------+----------+-------------------------------------------
     0 | D:1      | namelastname112 the Felid Wanderer began the quest for the Orb.
     0 | D:1      | namelastname112 set off with: 2 potions of haste, 2 scrolls of teleportation, a meat ration
     0 | D:1      | Reached XP level 1. HP: 11/11 MP: 2/2
   303 | D:1      | Reached skill level 3 in Stealth
   412 | D:1      | Reached XP level 2. HP: 15/15 MP: 3/3
   427 | D:1      | Reached skill level 1 in Dodging
  1152 | D:2      | Noticed an ogre
  1155 | D:2      | Reached XP level 3. HP: 18/18 MP: 4/4
  1567 | D:2      | Found a glowing golden altar of the Shining One.
  1714 | D:2      | Found a deep blue altar of Sif Muna.
  2632 | D:3      | Noticed Jessica
  2643 | D:3      | Killed Jessica
  2643 | D:3      | Reached skill level 4 in Stealth
  2643 | D:3      | Reached XP level 4. HP: 9/22 MP: 5/5
  4176 | D:3      | Found a shattered altar of Ashenzari.
  4210 | D:3      | Found a runed door.
  4214 | D:3      | Noticed Crazy Yiuf
  4533 | D:4      | Reached XP level 5. HP: 25/25 MP: 6/6
  4552 | D:4      | Noticed a sky beast
  4615 | D:5      | Entered Level 5 of the Dungeon
  5239 | D:4      | Noticed Natasha
  5249 | D:4      | Killed Natasha
  5258 | D:4      | Reached skill level 5 in Stealth
  5307 | D:4      | Noticed Menkaure
  5408 | D:4      | Noticed Edmund
  5440 | D:4      | Reached skill level 5 in Fighting
  5440 | D:4      | Reached skill level 5 in Unarmed Combat
  5440 | D:4      | Gained mutation: You are covered in thick fur. (AC +2) [Felid growth]
  5440 | D:4      | Reached XP level 6. HP: 17/30 MP: 7/7
  5581 | D:4      | Noticed Ijyb
  5597 | D:4      | Killed Ijyb
  5724 | D:4      | Noticed Natasha
  5730 | D:4      | Killed Natasha
  5917 | D:4      | Found a shimmering altar of Xom.
  6151 | D:4      | Noticed Natasha
  6161 | D:4      | Killed Natasha
  6747 | D:5      | Reached XP level 7. HP: 29/33 MP: 8/8
  6749 | D:5      | Reached skill level 6 in Stealth
  7040 | D:5      | Slain by a slave
  7041 | D:5      | Reached XP level 6. HP: 0/30 MP: 7/7
  7071 | D:5      | Noticed Pikel
  7071 | D:5      | Noticed a slave
  7073 | D:5      | Noticed a slave
  7365 | D:6      | Found an iron altar of Okawaru.
  7365 | D:6      | Found a sparkling altar of Nemelex Xobeh.
  7366 | D:6      | Found a stormy altar of Qazlal.
  7449 | D:6      | Reached skill level 5 in Dodging
  7800 | D:6      | Succumbed to a worker ant's poison
  7801 | D:6      | Reached XP level 5. HP: 0/27 MP: 6/6
  7977 | D:6      | Reached XP level 6. HP: 20/31 MP: 7/7
  8322 | D:5      | Found a staircase to the Ecumenical Temple.
  8489 | Temple   | Entered the Ecumenical Temple
  8508 | Temple   | Became a worshipper of Cheibriados the Contemplative
  8632 | D:5      | Reached skill level 7 in Stealth
  8641 | D:5      | Reached skill level 10 in Stealth
  8641 | D:5      | Reached XP level 7. HP: 3/37 MP: 8/8
  8946 | D:5      | Reached XP level 8. HP: 41/41 MP: 9/9
  9058 | D:5      | Found Onelenid's General Store.
  9176 | D:5      | Killed Pikel
  9376 | D:4      | Reached skill level 11 in Stealth
 10253 | D:3      | Reached * piety under Cheibriados
 10475 | D:7      | Found a hide-covered altar of Uskayaw.
 10506 | D:7      | Reached XP level 9. HP: 39/45 MP: 10/10
 10674 | D:7      | Reached skill level 10 in Dodging
 11074 | D:7      | Found Aliyck's Assorted Antiques.
 11389 | D:8      | Found a staircase to the Lair.
 11400 | D:8      | Slain by a hippogriff

Vault maps used:
D:1:      minmay_arrival_open_corners, st_stairs_11, minivault_11
D:2:      tso_oasis_becter, lemuel_blue_sif_altar
D:3:      cheibrodos_fertilizer, lemuel_doored_altar, corexii_hall_statues_x,
          uniq_jessica, uniq_crazy_yiuf_cottage
D:4:      led_xom_imps, first_bread, corexii_hall_statues_i, uniq_natasha,
          uniq_ijyb, uniq_menkaure, uniq_edmund
D:5:      temple_green, serial_shops, shop, uniq_pikel
D:6:      gammafunk_temple_overflow_claw
D:7:      eat_drink_and_be_merry_uskayaw, serial_shops, shop, the_bakery
D:8:      david_lair_generic, uniq_joseph, uniq_grum
Temple:   eino_temple_lava

Skill      XL: |  1  2  3  4  5  6  7  8  9 |
---------------+----------------------------+-----
Stealth        | 3 4 5 10 6 11 | 11.5
Dodging        | 1 2 3 9 10 | 10.2
Fighting       | 5 8 9 |  9.0
Unarmed Combat | 5 8 9 |  9.0

Action                   |  1- 3 |  4- 6 |  7- 9 || total
-------------------------+-------+-------+-------++-------
Melee: Unarmed           |   162 |   325 |   168 ||   655
       Bite              |    12 |    31 |    13 ||    56
       Punch             |     2 |     5 |     6 ||    13
Evoke: Wand              |       |     2 |    10 ||    12
  Use: Potion            |       |     7 |       ||     7
       Scroll            |       |     3 |     6 ||     9
 Stab: Sleeping          |     6 |    15 |    14 ||    35
       Distracted        |       |       |     3 ||     3
  Eat: Chunk             |    11 |    17 |     9 ||    37
Armor: Skin              |    12 |    14 |     4 ||    30
Dodge: Dodged            |   121 |   247 |   140 ||   508

Table legend:
 A = Spawn XP
 B = Non-spawn XP
 C = Spawn XP percentage of total XP
 D = Spawn monster count
 E = Non-spawn monster count
 F = Spawn count percentage of total count
 G = Total turns spent on level
                    A         B        C        D         E        F      G
               +---------+---------+-------+---------+---------+-------+---------
         Total |       0 |    3979 |   0.0 |       0 |     148 |   0.0 | 11400
               +---------+---------+-------+---------+---------+-------+---------
           D:1 |       0 |      18 |   0.0 |       0 |      11 |   0.0 |   877
           D:2 |       0 |     170 |   0.0 |       0 |      20 |   0.0 |  1936
           D:3 |       0 |     281 |   0.0 |       0 |      36 |   0.0 |  2114
           D:4 |       0 |     709 |   0.0 |       0 |      24 |   0.0 |  2018
           D:5 |       0 |    1332 |   0.0 |       0 |      35 |   0.0 |  2257
           D:6 |       0 |     290 |   0.0 |       0 |       8 |   0.0 |  1180
           D:7 |       0 |    1138 |   0.0 |       0 |      13 |   0.0 |   947
           D:8 |       0 |      41 |   0.0 |       0 |       1 |   0.0 |    42
               +---------+---------+-------+---------+---------+-------+---------
